 Dungeon Crawl Stone Soup version 0.25-a0-597-gb30770a0c0 (webtiles) character file.

Game seed: 6795754124753237300, levelgen mode: deterministic

10 An17 the Caller (level 2, 15/21 HPs)
             Began as a Demonspawn Wanderer on Mar 15, 2020.
             Got out of the dungeon alive.
             The game lasted 00:01:34 (195 turns).

An17 the Caller (Demonspawn Wanderer)                Turns: 195, Time: 00:01:35

Health: 15/21      AC:  2    Str: 11    XL:     2   Next: 10%
Magic:  2/2        EV: 11    Int: 14    God:
Gold:   0          SH:  0    Dex: 12    Spells: 0/1 levels left

rFire    . . .     SeeInvis .   b - +2 mace (protect)
rCold    . . .     Gourm    .   (no shield)
rNeg     . . .     Faith    .   d - +0 robe
rPois    .         Spirit   .   (no helmet)
rElec    .         Reflect  .   (no cloak)
rCorr    .         Harm     .   (no gloves)
MR       .....                  (no boots)
Stlth    +.........             (no amulet)
HPRegen  0.07/turn              (no ring)
MPRegen  0.08/turn              (no ring)

@: no status effects
A: talons 1
a: no special abilities


You escaped.
You were not hungry.

You visited 1 branch of the dungeon, and saw 1 of its levels.

Inventory:

Hand Weapons
 b - a +2 mace of protection (weapon)
Armour
 d - a +0 robe (worn)
Potions
 c - a potion of curing
 e - a potion of lignification {unknown}
Comestibles
 f - a ration


   Skills:
 + Level 1.0 Fighting
   Level 1.7 Long Blades
 + Level 0.4 Stealth
   Level 1.0 Shields
 + Level 0.3 Spellcasting
 + Level 2.3 Charms
   Level 3.0 Summonings
   Level 1.0 Evocations


You couldn't memorise any spells.
You knew the following spells:

 Your Spells              Type           Power        Failure   Level  Hunger
a - Infusion              Chrm           #...         11%         1    ##.....

Your spell library contained the following spells:

 Spells                   Type           Power        Failure   Level  Hunger
 Song of Slaying          Chrm           #.......     17%         2    ###....
 Shroud of Golubria       Chrm/Tloc      #.....       26%         2    ###....
 Ozocubu's Armour         Chrm/Ice       #.......     47%         3    ####...
 Spectral Weapon          Hex/Chrm       #.......     47%         3    ####...


Dungeon Overview and Level Annotations

Branches:
Dungeon (1/15)

Altars:


Innate Abilities, Weirdness & Mutations

You have sharp toenails.


Message History

You kill the jackal!
You have reached level 2!
Your demonic ancestry asserts itself...
Your toenails lengthen and sharpen.
You barely miss the giant cockroach.
You claw the giant cockroach, but do no damage.
The giant cockroach closely misses you.
The giant cockroach waves its antennae.
The giant cockroach bites you.
You hit the giant cockroach.
The giant cockroach is heavily wounded.
The giant cockroach bites you.
The giant cockroach bites you but does no damage.
You sock the giant cockroach!
You kill the giant cockroach!
Found an escape hatch in the floor.
There is an empty arch of ancient stone here.
There is a staircase leading out of the dungeon here.
Are you sure you want to leave the Dungeon?
This will make you lose the game!
You have escaped!

*********,***** #####.##### #.
**,,,,,,**,*######.........# ##.
**,**,,,,,,*#........#.###.# ##..
,*,**,*,***#..♣♣.♣♣..#.###.###...
,,,,,,*,***,**♣♣.♣♣♣♣..........).
**,****,,>,*♣♣♣∩.∩♣♣♣♣.>##.###.#.
*,* *,,,,♣♣∩.....∩♣♣..##,* #.#.
*,****,*,*♣∩..♣♣♣..∩♣♣...,* #...
*,,,,,,*,*♣∩...@...∩♣♣.###* ###.
********,*♣∩..♣♣♣..∩♣♣.# #.
*,,♣♣∩.....∩♣♣..# #.
*>,*♣♣.∩∩∩♣.♣♣.⌠####* #.
***,♣.♣♣♣♣♣.........* #.
*#..♣♣♣♣♣...#.###.# #.
*#.......##....#.# #. *
*...####.#.#.#.#.# ##. ** **,***
##.##.....###..


There were no monsters in sight!

Vanquished Creatures
  A dart slug (D:1)
  A bat (D:1)
  A giant cockroach (D:1)
  3 jackals (D:1)
  A rat (D:1)
7 creatures vanquished.

Notes
Turn   | Place    | Note
-------+----------+-------------------------------------------
     0 | D:1      | An17 the Demonspawn Wanderer began the quest for the Orb.
     0 | D:1      | An17 set off with the following items: a +0 falchion, a
                  | potion of curing, a +0 robe, a ration; and the following
                  | spell memorised: Infusion; and the following spells
                  | available to memorise: Song of Slaying, Shroud of Golubria,
                  | Ozocubu's Armour, Spectral Weapon
     0 | D:1      | Reached XP level 1. HP: 15/15 MP: 1/1
   151 | D:1      | Gained mutation: You have sharp toenails. [demonic
                  | ancestry]
   151 | D:1      | Reached XP level 2. HP: 13/21 MP: 2/2
   195 | D:$      | Got out of the dungeon alive.

Levels and vault maps discovered:
D:1:      heliophobic_arrival_henge, layout_loops_corners

Skill      XL: |  1 |
---------------+----+-----
Charms         | 2 |  2.3
Fighting       | |  1.0
Long Blades    | |  1.7
Stealth        | |  0.4
Shields        | |  1.0
Spellcasting   | |  0.3
Summonings     | |  3.0
Evocations     | |  1.0

Action                   || total
-------------------------++-------
Melee: Mace              ||    23
       Kick              ||     1
 Cast: Infusion          ||     1
  Use: Scroll            ||     2
Armor: Robe              ||    15
Dodge: Dodged            ||    16

Table legend:
 A = Non-vault XP
 B = Vault XP
 C = Vault XP percentage of total XP
 D = Non-vault monster count
 E = Vault monster count
 F = Vault count percentage of total count
                 A         B        C        D         E       F
            +---------+---------+-------+---------+---------+-------
      Total |      15 |       0 |   0.0 |       7 |       0 |   0.0
            +---------+---------+-------+---------+---------+-------
        D:1 |      15 |       0 |   0.0 |       7 |       0 |   0.0
            +---------+---------+-------+---------+---------+-------
